Construct Section Command Post
Selects Australian Defense Battlegroup
Selects Australian Light Infantry Section
Selects Australian Light Infantry Section
Australian Light Infantry Section
Construct Field Infirmary
Construct Platoon Command Post
6-pounder Anti-tank Gun Team
Selects Defensive Tactics
Construct Company Command Post
6-pounder Anti-tank Gun Team
Unlock M3 Grant Medium Tanks
Selects CMP 15cwt Supply Run
Selects Reinforced Resource Caches
Selects Charged Creeping Barrage